Map: Lightshade LE

Players

Goliath - Winner!

  • Race: Terran Terran
  • Spawn Location: 11:00

A.I. 1 (Very Easy)

  • Race: Protoss Protoss
  • Spawn Location: 5:00

VOD

Have the link to the VOD?

Description

Time

  • Played on: March 18, 2021, 11:35 p.m.
  • Length: 11:20
Show
View Real Time Build Order
Export as new Build Order

Goliath Terran - Winner!

Build Orders:  

Get SALT Encoding   

  12  0:00  SCV  
  13  0:12  SCV  
  14  0:17  Supply Depot  
  14  0:24  SCV  
  15  0:35  Refinery  
  15  0:39  SCV  
  16  0:44  Barracks  
  16  0:51  SCV  
  17  0:59  Refinery  
  17  1:03  SCV  
  18  1:15  SCV  
  19  1:32  Orbital Command  
  19  1:33  Reaper  
  19  1:38  Factory  
  20  1:45  Supply Depot  
  20  1:58  SCV  
  21  2:05  Reaper  
  22  2:10  SCV  
  23  2:22  Hellion, SCV  
  26  2:27  Command Center  
  26  2:34  SCV  
  27  2:37  Marine  
  27  2:39  Supply Depot  
  27  2:44  Widow Mine  
  30  2:46  SCV  
  31  2:53  Starport  
  31  3:00  Marine, SCV  
  33  3:06  Factory Tech Lab  
  33  3:12  SCV  
  34  3:19  Barracks Reactor  
  34  3:24  SCV  
  34  3:25  Cyclone  
  38  3:34  Refinery  
  38  3:36  SCV  
  38  3:38  Orbital Command, Medivac  
  41  3:49  SCV  
  41  3:50  Supply Depot  
  42  3:56  Marine x2  
  42  4:01  SCV  
  45  4:04  Factory Tech Lab, SCV  
  46  4:15  SCV  
  46  4:16  SCV  
  48  4:18  Marine x2  
  48  4:20  Raven  
  48  4:23  Siege Tank  
  55  4:27  SCV  
  55  4:29  SCV  
  57  4:32  Supply Depot  
  57  4:33  Supply Depot  
  57  4:35  Marine  
  57  4:36  Marine  
  59  4:39  SCV  
  59  4:41  SCV  
  61  4:55  Siege Tank  
  61  4:56  SCV  
  61  4:57  SCV  
  66  5:08  Marine, SCV, Stimpack  
  66  5:09  Viking, SCV  
  71  5:14  Supply Depot  
  71  5:15  Medivac  
  71  5:21  SCV x2  
  75  5:26  Marine, Command Center  
  76  5:34  Supply Depot  
  76  5:36  SCV x2, Siege Tank  
  76  5:38  Supply Depot  
  81  5:43  Refinery  
  81  5:45  Marine  
  81  5:49  Viking x2  
  86  5:55  SCV x2  
  86  5:56  Barracks  
  88  5:59  Barracks  
  88  6:08  SCV x2  
  90  6:11  Marine  
  90  6:12  Siege Tank  
  90  6:17  Supply Depot  
  94  6:19  Supply Depot  
  94  6:20  SCV x2  
  94  6:23  Viking x2  
  100  6:29  Marine  
  100  6:32  SCV  
  102  6:36  Supply Depot  
  102  6:38  Orbital Command, SCV  
  103  6:44  Engineering Bay x2  
  103  6:47  Barracks Reactor x2  
  103  6:48  Marine  
  103  6:49  Combat Shield  
  103  6:50  Siege Tank  
  107  6:59  SCV x2  
  109  7:02  Refinery  
  109  7:04  Refinery  
  109  7:06  Supply Depot x2, SCV  
  110  7:12  Medivac x2  
  110  7:13  Marine  
  115  7:19  SCV x3  
  118  7:24  Marine x4  
  118  7:25  Terran Infantry Weapons Level 1, Terran Infantry Armor Level 1  
  122  7:30  Supply Depot  
  122  7:31  Marine  
  122  7:33  Supply Depot  
  122  7:34  Siege Tank  
  126  7:40  Barracks  
  126  7:41  Marine, Barracks  
  126  7:42  SCV x3  
  130  7:51  Marine x4  
  130  7:53  Medivac  
  130  7:54  SCV x3  
  130  7:55  Medivac  
  141  7:59  Marine  
  142  8:06  SCV x2  
  142  8:07  SCV, Siege Tank  
  142  8:09  Marine x4  
  152  8:15  Command Center  
  152  8:23  SCV x3  
  155  8:27  Armory  
  155  8:29  Factory  
  155  8:30  Barracks Reactor x2  
  155  8:32  Marine x5  
  155  8:33  Medivac  
  162  8:35  Medivac  
  162  8:40  Supply Depot  
  164  8:41  Supply Depot  
  164  8:45  SCV x3  
  164  8:47  Siege Tank  
  170  8:51  Supply Depot  
  170  8:54  Marine x3  
  173  9:02  Marine x2  
  175  9:03  Medivac  
  175  9:05  Medivac  
  179  9:13  SCV x3  
  179  9:14  Marine x2  
  179  9:15  Marine x4  
  188  9:17  Marine, Factory Tech Lab  
  188  9:20  Marine x2  
  188  9:23  Terran Vehicle Weapons Level 1  
  191  9:25  Siege Tank  
  194  9:34  Planetary Fortress  
  194  9:37  Refinery x2  
  194  9:48  Marine x3  
  194  9:49  Marine x3  
  197  10:40  Sensor Tower  
  197  10:42  Sensor Tower  
  197  10:44  Sensor Tower  
  197  10:49  Marine x3  
Show
View Real Time Build Order
Export as new Build Order

A.I. 1 (Very Easy) Protoss 

Build Orders:  

Get SALT Encoding   

  12  0:00  Probe  
  13  0:13  Probe  
  14  0:19  Pylon  
  14  0:36  Assimilator  
  14  0:43  Gateway  
  14  0:46  Pylon  
  14  1:13  Assimilator  
  14  1:17  Probe  
  14  1:25  Probe  
  16  1:33  Cybernetics Core, Probe  
  17  1:44  Probe  
  18  1:56  Probe  
  18  2:00  Warp Gate  
  19  2:04  Probe  
  20  2:11  Stalker  
  22  4:14  Probe  
  22  5:39  Zealot  
  22  5:40  Pylon, Probe  
  25  5:43  Robotics Facility  
  25  5:52  Probe  
  26  6:04  Probe  
  25  6:14  Probe  
  26  6:22  Pylon, Probe  
  26  6:30  Observer  
  28  6:36  Zealot  
  30  6:52  Observer  
  30  6:53  Probe  
  31  7:07  Nexus  
  31  7:11  Zealot  
  31  7:13  Probe  
  33  7:16  Pylon  
  33  7:26  Nexus  
  33  7:40  Immortal  
  37  8:08  Zealot  
  39  8:35  Probe  
  40  8:46  Assimilator, Probe  
  41  8:49  Assimilator  
  41  8:50  Probe  
  42  9:00  Probe  
  43  9:05  Stalker  
  43  9:07  Probe  
  46  9:15  Probe  
  47  9:21  Probe  
  48  9:29  Probe  
  49  9:32  Probe  
  50  9:43  Probe  
  51  9:46  Probe  
  52  9:58  Probe  
  53  10:05  Probe  
  54  10:12  Probe  
  52  10:20  Probe  
  51  10:22  Stalker  
  51  10:26  Probe  
  51  10:27  Pylon  
  51  10:38  Pylon  
  47  10:44  Probe  
  28  10:55  Pylon  
  18  11:01  Probe  
  18  11:02  Pylon  
Tags
 
Add a new tag
Caveats
  • Supply blocks, unpowered buildings, or Contaminate may cause inaccurate times.
  • Supply counts are checked every 10 seconds.